 Dungeon Crawl Stone Soup version 0.24.0-13-gcf9b319 (webtiles) character file.

Game seed: 9372880689952530888, levelgen mode: deterministic

165 Cidram the Cutter (level 5, 0/34 HPs)
             Began as a Kobold Berserker on Feb 2, 2020.
             Was a Believer of Trog.
             Killed by divine providence
             ... invoked by an orc priest
              (16 damage)
             ... on level 3 of the Dungeon.
             The game lasted 00:04:49 (2813 turns).

Cidram the Cutter (Kobold Berserker)                Turns: 2813, Time: 00:04:50

Health: 0/34       AC: 10    Str: 15      XL:     5   Next: 75%
Magic:  5/5        EV:  7    Int:  7 (9)  God:    Trog [**....]
Gold:   92         SH:  0    Dex: 14      Spells: 4/4 levels left

rFire    . . .     SeeInvis .   a - +0 short sword
rCold    . . .     Gourm    .   (shield restricted)
rNeg     . . .     Faith    .   n - +0 plate armour
rPois    .         Spirit   .   (no helmet)
rElec    .         Reflect  .   (no cloak)
rCorr    .         Harm     .   (no gloves)
MR       .....                  (no boots)
Stlth    ..........             (no amulet)
HPRegen  0.11/turn              (no ring)
MPRegen  0.09/turn              (no ring)

@: berserk cooldown, slowed, very slow
A: small, carnivore
a: Berserk, Trog's Hand, Renounce Religion


You were on level 3 of the Dungeon.
You worshipped Trog.
Trog was pleased with you.
You were very full.

You visited 1 branch of the dungeon, and saw 3 of its levels.

You collected 92 gold pieces.

Inventory:

Hand Weapons
 a - a +0 short sword (weapon)
Armour
 b - a +0 animal skin
 k - a +0 ring mail
 n - a +0 plate armour (worn)
Scrolls
 e - a scroll of fear {unknown}
 g - a scroll of enchant armour {unknown}
 h - a scroll of enchant weapon {unknown}
 j - a scroll of teleportation {unknown}
 l - 2 scrolls of remove curse {unknown}
 m - a scroll of blinking {unknown}
Potions
 d - a potion of haste
 f - 3 potions of curing {unknown}
 i - 2 potions of magic {unknown}
Comestibles
 c - 5 rations
 o - 6 chunks of flesh


   Skills:
 + Level 4.4 Fighting
 + Level 6.2 Short Blades
 + Level 1.8 Armour
 + Level 3.4 Dodging


You had 4 spell levels left.
You didn't know any spells.
Your spell library was empty.

Dungeon Overview and Level Annotations

Branches:
Dungeon (3/15)

Altars:
Wu Jian


Innate Abilities, Weirdness & Mutations

You are small and have problems with some larger weapons.
You are carnivorous and can eat meat at any time.


Message History

Deactivating autopickup; reactivate with Ctrl-A.
You hit the orc priest.
The orc priest is almost dead.
You are no longer berserk.
You are exhausted.
You feel yourself slow down. The orc priest closely misses you.
The orc priest miscasts a cantrip.
You closely miss the orc priest.
The orc priest is almost dead.
The orc priest hits you with a +0 hand axe.
The orc priest hits you.
You hit the orc priest.
You kill the orc priest!
Trog accepts your kill.
You feel your strength returning. The orc priest barely misses you.
You miss the orc wizard.
The orc priest invokes the aid of Beogh against you.
Beogh smites you!
You die...

#..#####.........# #.#
#.....##.........# #.#
.....)##.........# #.#
......##.........###.#
......##.............######
#.....##..................#####
#.>...##........o####.........#
#.....##.......oo# #.........#
#..............#@# #.........#
##....##########.# #.........#
#....# #.# #oo.......# #.#
#........[# #.# #.o.......# #.#
#.........# #.# #.........#
................# #
.......####.####


You could see an orc priest, an orc wizard and an orc.

Vanquished Creatures
  An orc priest (D:3)
  3 gnolls (D:2)
  4 adders
  2 oozes (D:1)
  2 worms
  3 dart slugs (D:1)
  A leopard gecko (D:1)
  3 orcs (D:3)
  3 giant cockroaches (D:2)
  5 goblins
  5 hobgoblins
  2 jackals (D:1)
  6 kobolds
  6 bats
  A frilled lizard (D:1)
  4 rats
51 creatures vanquished.

Notes
Turn   | Place    | Note
-------+----------+-------------------------------------------
     0 | D:1      | Cidram the Kobold Berserker began the quest for the Orb.
     0 | D:1      | Reached XP level 1. HP: 14/14 MP: 1/1
   104 | D:1      | Reached XP level 2. HP: 17/19 MP: 2/2
   375 | D:1      | Reached XP level 3. HP: 18/24 MP: 3/3
  1272 | D:2      | Found an ornate altar of the Wu Jian Council.
  1302 | D:2      | Reached skill level 5 in Short Blades
  1302 | D:2      | Reached XP level 4. HP: 29/29 MP: 4/4
  1404 | D:2      | Reached ** piety under Trog
  2212 | D:2      | Reached XP level 5. HP: 29/33 MP: 5/5
  2769 | D:3      | Reached skill level 6 in Short Blades
  2813 | D:3      | Killed from afar by an orc priest

Levels and vault maps discovered:
D:1:      wander_arrival_estate, layout_loops_ring, chequers_hall_statues_wall_a
D:2:      layout_loops_ring, lemuel_crystal_altar, corexii_leaking_fountain
D:3:      layout_basic

Skill      XL: |  1  2  3  4  5 |
---------------+----------------+-----
Dodging        | 3 |  3.4
Short Blades   | 5 6 |  6.2
Fighting       | 4 |  4.4
Armour         | |  1.8

Action                   |  1- 3 |  4- 6 || total
-------------------------+-------+-------++-------
Melee: Short sword       |    86 |   111 ||   197
Invok: Berserk           |     1 |     3 ||     4
  Use: Potion            |       |     3 ||     3
 Stab: Sleeping          |     1 |     1 ||     2
  Eat: Chunk             |     9 |     8 ||    17
Armor: Animal skin       |    18 |     3 ||    21
       Plate armour      |       |    13 ||    13
       Ring mail         |       |     7 ||     7
Dodge: Dodged            |    76 |    51 ||   127
